AoeStats
← TuCAAA :D

Arena

509517855Analyzed
1v1 RM · 7d ago on Sep 27, 2026· 27m 51s· 2 players
Game mode
Random Map
Map size
Tiny (2 player)
Population
200
Speed
Normal
Resources
Standard
Victory
Conquest
Starting age
Dark Age
Ending age
Imperial Age
RankedLock teamsTeams togetherTeam positionsShared explorationLock speedFull tech treeHidden civsTurbo modeCheats
Victory
Defeat
🇸🇰 Sicilians · Slovakia
1165
+16
🇦🇷 Britons · Argentina
1171
-16
KasiCair
10:11 Feudal Age
14:09 Castle Age
12:56 Double-Bit Axe
14:19 Scale Mail Armor
25:13 Fletching
TuCAAA :D
10:06 Feudal Age
11:14 Loom
14:48 Castle Age
12:56 Double-Bit Axe
13:34 Horse Collar
14:17 Stone Mining
20:40 Fletching
Connection lost

Rejoining the realm…

Still unreachable

The connection could not be restored.

Session expired

The server has moved on; the page needs a fresh start.